 Dungeon Crawl Stone Soup version 0.28-a0-1404-g4df0f3684d (webtiles) character file.

Game seed: 9789573021129406390

426 flotson the Chopper (level 6, -2/47 HPs)
             Began as a Demonspawn Gladiator on Jan 6, 2022.
             Slain by a killer bee (8 damage)
             ... on level 7 of the Dungeon.
             The game lasted 00:05:20 (3705 turns).

flotson the Chopper (Demonspawn Gladiator)          Turns: 3705, Time: 00:05:21

Health: -2/47      AC: 11    Str: 16    XL:     6   Next: 64%
Magic:  6/6        EV: 12    Int: 10    God:
Gold:   164        SH:  0    Dex: 14    Spells: 5/5 levels left

rFire   . . .      SeeInvis .   a - +0 war axe
rCold   . . .      Faith    .   (no shield)
rNeg    + . .      Spirit   .   q - +3 ring mail {rN+}
rPois   .          Reflect  .   (helmet restricted)
rElec   .          Harm     .   (no cloak)
rCorr   .          Rampage  .   (no gloves)
Will    .....                   h - +0 pair of boots
Stlth   +.........              (no amulet)
HPRegen 0.15/turn               (no ring)
MPRegen 0.20/turn               (no ring)

@: lethally poisoned (-2 -> -7)
A: antennae 1, icy blue scales 1, magic regeneration
a: no special abilities


You were on level 7 of the Dungeon.
You visited 1 branch of the dungeon, and saw 5 of its levels.

You collected 164 gold pieces.

Inventory:

Hand Weapons
 a - a +0 war axe (weapon)
 b - a +0 shortbow
Missiles
 d - a throwing net (quivered)
 i - 22 poisoned darts
 r - 3 boomerangs
 s - 37 arrows
Armour
 h - a +0 pair of boots (worn)
 q - a +3 ring mail of positive energy (worn)
Jewellery
 t - a ring of magical power
Wands
 u - a wand of flame (18)
Scrolls
 c - a scroll of blinking {unknown}
 f - a scroll of brand weapon {unknown}
 j - a scroll of amnesia {unknown}
 n - a scroll of enchant armour {unknown}
 p - a scroll of noise {unknown}
Potions
 e - 2 potions of degeneration {unknown}
 g - a potion of curing
 k - 2 potions of lignification {unknown}
 l - 2 potions of cancellation {unknown}
 m - a potion of flight {unknown}
 o - a potion of heal wounds {unknown}


   Skills:
 + Level 3.6 Fighting
 + Level 3.8 Axes
 + Level 3.3 Throwing
 + Level 2.5 Armour
 + Level 3.8 Dodging


You had 5 spell levels left.
You didn't know any spells.
Your spell library contained the following spells:

 Spells                   Type           Power      Damage    Failure   Level
 Animate Skeleton         Necr           0%         N/A       56%         1
 Pain                     Necr           0%         1d4       56%         1
 Corpse Rot               Necr/Air       0%         N/A       71%         2
 Poisonous Vapours        Pois/Air       0%         N/A       71%         2
 Call Canine Familiar     Summ           0%         N/A       91%         3
 Portal Projectile        Hex/Tloc       0%         N/A       91%         3
 Vampiric Draining        Necr           0%         2d6       91%         3
 Leda's Liquefaction      Hex/Erth       0%         N/A       100%        4
 Lee's Rapid Deconstruct  Erth           0%         3d5*      100%        5
 Statue Form              Tmut/Erth      0%         N/A       100%        6


Dungeon Overview and Level Annotations

Branches:
Dungeon (4/15)
 Temple: D:4-7

Altars:

Annotations:
D:4 1 transporter, bearlyready's ghost, novice DjIE


Innate Abilities, Weirdness & Mutations

You have a pair of small antennae on your head.
You are partially covered in icy blue scales. (AC +2)
You regenerate magic rapidly.


Message History

The killer bee poisons you! The killer bee stings you!
* * * LOW HITPOINT WARNING * * *
The killer bee closely misses you.
It was a potion of curing.
You feel better.
The killer bee stings you but does no damage. x2
You closely miss the killer bee. The killer bee barely misses you.
The killer bee stings you but does no damage.
The killer bee closely misses you.
You miss the killer bee. The killer bee stings you.
You are poisoned.
The killer bee poisons you!
The killer bee stings you but does no damage.
You completely miss the killer bee.
You feel very sick.
The killer bee stings you but does no damage. x2
The killer bee stings you.
* * * LOW HITPOINT WARNING * * *
You are lethally poisoned!
The killer bee poisons you!
You feel better. The killer bee barely misses you.
The killer bee closely misses you.
You miss the killer bee. The killer bee barely misses you.
The killer bee closely misses you.
You hit the killer bee.
The killer bee is moderately wounded.
The killer bee stings you. x2
The killer bee stings you but does no damage.
You slash the killer bee!
The killer bee is severely wounded.
The killer bee barely misses you. The killer bee stings you.
* * * LOW HITPOINT WARNING * * *
You are poisoned.
The killer bee poisons you! The killer bee completely misses you.
You hit the killer bee but do no damage.
The killer bee is heavily wounded.
You feel very sick. The killer bee stings you.
* * * LOW HITPOINT WARNING * * *
The killer bee stings you!
You die...

#.### #.# #...### #.#
#.#...### #.#
#.###...### #.# #
#.#####...### #.###.#
#...#####...### #.#...#
###...#####...#####...#
###...#####...#...###
###.@y# ###...###
###...#...### ##...###
#...(. ######


You could see a killer bee.

Vanquished Creatures
  2 centaurs
  A wyvern zombie (D:4)
  Natasha (twice) (D:4)
  An iguana (D:4)
  A hound skeleton (D:3)
  2 adders
  A gnoll (D:1)
  An adder skeleton (D:4)
  A dart slug (D:1)
  10 orcs (D:3)
  6 ball pythons
  8 endoplasms
  13 giant cockroaches
  6 goblins
  6 hobgoblins
  2 quokkas
  6 bats
  5 frilled lizards
  4 kobolds
  13 rats
91 creatures vanquished.

Notes
Turn   | Place    | Note
-------+----------+-------------------------------------------
     0 | D:1      | flotson the Demonspawn Gladiator began the quest for the
                  | Orb.
     0 | D:1      | Reached XP level 1. HP: 16/16 MP: 1/1
   152 | D:1      | Gained mutation: You have a pair of small antennae on your
                  | head. [demonic ancestry]
   152 | D:1      | Reached XP level 2. HP: 19/22 MP: 2/2
   441 | D:1      | Gained mutation: You regenerate magic rapidly. [demonic
                  | ancestry]
   441 | D:1      | Reached XP level 3. HP: 28/28 MP: 3/3
   451 | D:1      | Found a faded altar of an unknown god.
   717 | D:1      | Reached skill level 1 in Armour
  1574 | D:2      | Reached XP level 4. HP: 31/34 MP: 4/4
  2857 | D:3      | Noticed a centaur
  2863 | D:3      | Killed a centaur
  2864 | D:3      | Gained mutation: You are partially covered in icy blue
                  | scales. (AC +2) [demonic ancestry]
  2864 | D:3      | Reached XP level 5. HP: 36/41 MP: 5/5
  3048 | D:4      | Reached XP level 6. HP: 6/47 MP: 6/6
  3076 | D:4      | Noticed Natasha
  3084 | D:4      | Killed Natasha
  3106 | D:4      | Noticed Natasha
  3113 | D:4      | Killed Natasha
  3153 | D:4      | Found a transporter.
  3155 | D:4      | Noticed bearlyready's ghost (novice DjIE)
  3211 | D:4      | You fall into a shaft and drop 3 floors!
  3705 | D:7      | Slain by a killer bee

Illustrated notes

Levels and vault maps discovered:
D:1:      evilmike_arrival_plus, layout_basic,
          shapermc_ecumenical_altar_mp_urbaneastern, minmay_worlds_worst_comb
D:2:      layout_rooms
D:3:      layout_basic, serial_corexii_hall, corexii_hall_statues_x,
          corexii_hall_statues_x
D:4:      layout_layer_cave, minmay_temple_entry_glass,
          gammafunk_ghost_mausoleum, serial_shops, shop, portal_sewer_entry_e,
          uniq_blork_the_orc, uniq_sigmund, uniq_natasha
D:7:      layout_basic, kennysheep_mini, nicolae_benzene_ring,
          minmay_splitting_lines

Skill      XL: |  1  2  3  4  5 |
---------------+----------------+-----
Throwing       | 2 3 |  3.3
Axes           | 3 |  3.8
Dodging        | 3 |  3.8
Armour         | 1 2 |  2.5
Fighting       | 3 |  3.6

Action                   |  1- 3 |  4- 6 || total
-------------------------+-------+-------++-------
Melee: War axe           |   164 |   156 ||   320
       Punch             |     1 |     1 ||     2
 Fire: Shortbow          |       |     7 ||     7
Throw: Throwing net      |       |     4 ||     4
  Use: Potion            |       |     2 ||     2
 Stab: Sleeping          |     1 |     1 ||     2
Armor: Leather armour    |    57 |    17 ||    74
       Ring mail         |       |    67 ||    67
Dodge: Dodged            |   130 |   142 ||   272

Table legend: (Time is in decaauts)
 A = Elapsed time spent in this place.
 B = Non-inter-level travel time spent in this place.
 C = Inter-level travel time spent in this place.
 D = Time resting spent in this place.
 E = Time spent auto-exploring this place.
 F = Levels seen in this place.
 G = Mean time per level.
                   A        B        C        D        E       F      G
               +--------+--------+--------+--------+--------+-----+--------+
         Total |   3812 |   3802 |     10 |      0 |   2860 |   5 |  762.4 |
       Dungeon |   3812 |   3802 |     10 |      0 |   2860 |   5 |  762.4 |
               +--------+--------+--------+--------+--------+-----+--------+

Top non-repeatable levels by time:
     D:3: 1187 daAuts
     D:1: 1099 daAuts
     D:2: 795 daAuts
     D:7: 501 daAuts
     D:4: 228 daAuts
